 Dungeon Crawl Stone Soup version bcrawl-1.40 (webtiles) character file.

Game seed: 8430726682872143560

100871 zoran the Vexing (level 4, -2/33 HPs)
             Began as a High Elf Arcane Marksman on Oct 22, 2023.
             Was a Follower of Zin.
             Killed from afar by an orc wizard (9 damage)
             ... with a puff of frost
             ... on level 3 of the Dungeon.
             The game lasted 00:06:12 (2293 turns).

zoran the Vexing (High Elf Arcane Marksman)         Turns: 2293, Time: 00:06:13

Health: -2/33      AC:  2    Str: 10    XL:     4   Next: 1%
Magic:  9/9        EV: 12    Int: 16    God:    Zin [*.....]
Gold:   100        SH:  0    Dex: 14    Spells: 5/9 levels left

rFire    . . .     GDR:     27% a - +1 shortbow
rCold    . . .     SeeInvis .   (shield currently unavailable)
rNeg     . . .     Gourm    .   c - +0 robe
rPois    .         Faith    .   (no helmet)
rElec    .         Spirit   .   (no cloak)
rCorr    .         Reflect  .   (no gloves)
MR       .....                  (no boots)
Stlth    ++........             (no amulet)
HPRegen  0.15/turn              (no ring)
MPRegen  0.11/turn              (no ring)

@: no status effects
A: obsessive focus, MP-powered wands
a: Recite, Donate Gold, Renounce Religion


You were on level 3 of the Dungeon.
You worshipped Zin.
Zin was aware of your devotion.
You were hungry.

You visited 1 branch of the dungeon, and saw 3 of its levels.

You collected 111 gold pieces.
You donated 11 gold pieces to Zin.

Inventory:

Hand Weapons
 a - a +1 shortbow (weapon)
 b - a +0 dagger
 d - a cursed -2 dagger
Missiles
 f - 453 arrows (quivered)
Armour
 c - a +0 robe (worn)
Jewellery
 h - an uncursed ring of protection from fire {unknown}
 i - an uncursed ring of stealth {unknown}
Scrolls
 g - a scroll of enchant armour
 k - a scroll of enchant weapon {unknown}
 l - a scroll of blinking {unknown}
 p - 2 scrolls of remove curse {unknown}
 s - a scroll of immolation {unknown}
Potions
 j - a potion of mutation {unknown}
 m - a potion of lignification {unknown}
 n - a potion of haste
 q - a potion of agility {unknown}
Comestibles
 e - 2 rations {!d}


   Skills:
 - Level 2.0 Fighting
 + Level 1.9 Short Blades
 - Level 3.0 Bows
 - Level 1.0 Armour
 - Level 2.1 Dodging
 + Level 1.5 Stealth
 - Level 3.0 Spellcasting
 - Level 3.2 Hexes
 + Level 1.5 Invocations


You had 5 spell levels left.
You knew the following spells:

 Your Spells              Type           Power        Failure   Level  Hunger
a - Inner Flame           Hex/Fire       N/A          28%         3    ####...
z - Corona                Hex            ##.....      4%          1    None

Your spell library contained the following spells:

 Spells                   Type           Power        Failure   Level  Hunger
 Shackle                  Hex            ##......     8%          2    #......
 False Image              Hex/Summ       #.......     28%         3    ####...
 Cause Fear               Hex            ##........   43%         4    #####..
 Yara's Violent Unravell  Hex/Tmut       #.........   67%         4    #####..


Dungeon Overview and Level Annotations

Branches:
Dungeon (3/12)

Altars:
Lugonu
Zin

Annotations:
D:2 Sigmund


Innate Abilities, Weirdness & Mutations

You can't train low skills.
You expend magic power (3 MP) to strengthen your wands.


Message History

A magic dart appears from out of thin air!
The magic dart hits you.
A puff of flame appears from out of thin air!
The puff of flame hits you.
* * * LOW HITPOINT WARNING * * *
It was a potion of curing.
You feel better.
You hear some strange, mumbled words.
A magic dart appears from out of thin air!
The magic dart hits you!
* * * LOW HITPOINT WARNING * * *
You feel better. Something hits you.
You hear some strange, mumbled words.
A puff of flame appears from out of thin air!
The puff of flame hits you. Something hits you.
* * * LOW HITPOINT WARNING * * *
You hear some strange, mumbled words.
A puff of frost appears from out of thin air!
The puff of frost hits you!
You die...

##### ###
#...###.##
#....{@<.#
########
#...###.###
#......# ##.##
#.#.## #.####.#
#..#
#.o#.###.####.###
#.##
#.###............
#.#
##.#.###.......#.
#.# #.#
#.#..#..#. #.#
### #......<#.
#.# #.#.......


You could see an orc (wandering).

Vanquished Creatures
  Natasha (D:3)
  2 leopard geckos
  4 orcs
  A ball python (D:1)
  A bat (D:1)
  2 giant cockroaches
  2 goblins (D:2)
  5 hobgoblins
  3 jackals (D:1)
  A quokka (D:3)
  7 kobolds
  4 rats
33 creatures vanquished.

Notes
Turn   | Place    | Note
-------+----------+-------------------------------------------
     0 | D:1      | zoran the High Elf Arcane Marksman began the quest for the
                  | Orb.
     0 | D:1      | Reached XP level 1. HP: 16/16 MP: 4/4
   379 | D:1      | Reached XP level 2. HP: 22/22 MP: 6/6
   416 | D:1      | Reached skill level 1 in Short Blades
   416 | D:1      | Reached skill level 1 in Stealth
   416 | D:1      | Reached skill level 1 in Invocations
   571 | D:1      | Reached skill level 1 in Armour
  1172 | D:2      | Noticed Sigmund
  1358 | D:2      | Found a glowing silver altar of Zin.
  1374 | D:2      | Became a worshipper of Zin the Law-Giver
  1694 | D:3      | Reached XP level 3. HP: 14/27 MP: 6/8
  1752 | D:2      | Learned a level 3 spell: Inner Flame
  1820 | D:2      | Reached * piety under Zin
  2176 | D:2      | Found a corrupted altar of Lugonu.
  2268 | D:3      | Noticed Natasha
  2279 | D:3      | Killed Natasha
  2280 | D:3      | Reached XP level 4. HP: 19/33 MP: 7/9
  2293 | D:3      | Killed from afar by an orc wizard

Skill      XL: |  1  2  3 |
---------------+----------+-----
Short Blades   | 1 |  1.9
Stealth        | 1 |  1.5
Invocations    | 1 |  1.5
Armour         | 1 |  1.0
Bows           | 3 |  3.0
Spellcasting   | 3 |  3.0
Fighting       | |  2.0
Dodging        | |  2.1
Hexes          | |  3.2

Action                   |  1- 3 |  4- 6 || total
-------------------------+-------+-------++-------
Melee: Dagger            |     5 |       ||     5
 Fire: Shortbow          |    88 |       ||    88
 Cast: Corona            |     3 |       ||     3
  Use: Scroll            |     2 |       ||     2
       Potion            |     1 |     2 ||     3
 Stab: Sleeping          |     1 |       ||     1
  Eat: Chunk             |     2 |       ||     2
       Ration            |     1 |       ||     1
Armor: Robe              |     7 |       ||     7
Dodge: Dodged            |    24 |       ||    24
